 Dungeon Crawl Stone Soup version 0.31-a0-408-gb642c7f9a3 (webtiles) character file.

Game seed: 2062619384091402488

340987 Monkooky the Black Belt (level 21, -6/147 (156) HPs)
             Began as a Purple Draconian Shapeshifter on July 29, 2023.
             Was the Champion of Hepliaklqana.
             Killed from afar by a tengu reaver (39 damage)
             ... with a bolt of negative energy
             ... on level 5 of the Vaults on July 30, 2023.
             The game lasted 02:09:20 (45600 turns).

Monkooky the Black Belt (DrSh)                     Turns: 45600, Time: 02:09:20

HP:   -6/147 (156)  AC: 20    Str: 26    XL:     21   Next: 8%
MP:   27/27         EV: 25    Int:  5    God:    Hepliaklqana [******]
Gold: 3718          SH: 31    Dex: 26    Spells: 18/23 levels left

rFire   + +          .
                       - Unarmed
rCold   . . .        o - +4 tower shield {AC+3}
rNeg    . . .        (body armour unavailable)
rPois   .            (helmet restricted)
rElec   .            C - scarf {rC+ rF+}
rCorr   .            W - +2 pair of gloves
SInv    .            k - +2 pair of boots
Will    +++..        q - amulet of reflection
Stlth   ++           f - ring of Gluttony {Fire Int-4 Dex+6 Slay+4}
HPRegen 0.44/turn    I - +6 ring of strength
MPRegen 0.20/turn

%: reflection
@: maw-form, drained
A: devouring maw, reduced essence, breathe power, AC +11, unfitting armour,
cold-blooded, frail 1
}: 2/15 runes: decaying, gossamer
a: Breathe Dispelling Energy, Begin Untransformation, Renounce Religion, Recall
Ancestor, Ancestor Identity, Transference, Idealise


You were on level 5 of the Vaults.
You worshipped Hepliaklqana.
Hepliaklqana was exalted by your worship.
You were a creature with a mouth for a stomach.
You visited 7 branches of the dungeon, and saw 38 of its levels.
You also visited: Sewer and Ossuary.

You collected 4165 gold pieces.
You spent 447 gold pieces at shops.

Inventory:

Missiles
 l - 6 throwing nets
 V - 9 curare-tipped darts
Armour
 k - a +2 pair of boots (worn)
 o - a +4 tower shield of protection (worn)
 C - a scarf of resistance (worn)
 W - a +2 pair of gloves (worn)
Jewellery
 d - a +4 ring of protection
 f - the ring of Gluttony (left hand) {Fire Int-4 Dex+6 Slay+4}
   (You found it on level 1 of the Depths)

   [ring of fire]

   It enhances your fire magic.
   Int:       It affects your intelligence (-4).
   Dex:       It affects your dexterity (+6).
   Slay:      It affects your accuracy & damage with ranged weapons and melee
   (+4).
   rF:        It protects you from fire.
   rC:        It makes you vulnerable to cold.
 q - an amulet of reflection (around neck)
 s - a ring of poison resistance
 z - the ring "Nuifir" {rPois Str+3 Int+2}
   (You took it off a frost giant on level 1 of the Depths)

   [ring of poison resistance]

   Str:       It affects your strength (+3).
   Int:       It affects your intelligence (+2).
   rPois:     It protects you from poison.
 I - a +6 ring of strength (right hand)
 L - a ring of see invisible
Talismans
 Z - a maw talisman
Wands
 x - a wand of charming (38)
 y - a wand of digging (11)
 B - a wand of flame (51)
 H - a wand of acid (22)
 Q - a wand of iceblast (14)
 T - a wand of mindburst (33)
Scrolls
 c - 3 scrolls of blinking
 e - 8 scrolls of teleportation
 h - 9 scrolls of fog
 n - 3 scrolls of poison
 F - 2 scrolls of revelation
 G - 4 scrolls of amnesia
 K - a scroll of fear
 M - 6 scrolls of vulnerability
 N - 6 scrolls of silence
 U - a scroll of torment
Potions
 a - 2 potions of lignification
 b - 6 potions of heal wounds
 g - 3 potions of magic
 i - 3 potions of resistance
 j - 5 potions of haste
 m - 8 potions of brilliance
 p - 4 potions of berserk rage
 r - 2 potions of enlightenment
 t - 7 potions of might
 u - 3 potions of invisibility
 v - 7 potions of curing
 w - 8 potions of mutation
 A - 6 potions of cancellation
 D - 5 potions of ambrosia
 O - 3 potions of attraction
Miscellaneous
 E - a tin of tremorstones (inert)
 P - a lightning rod (1/4)
 S - a phantom mirror (inert)
 X - a box of beasts (inert)
 Y - a phial of floods (inert)


   Skills:
 - Level 18.8 Fighting
 - Level 14.7 Dodging
 - Level 14.4 Shields
 - Level 19.0 Unarmed Combat
 - Level 1.5 Spellcasting
 - Level 9.2 Invocations
 - Level 13.0 Evocations
 + Level 14.7 Shapeshifting


You had 18 spell levels left.
You knew the following spells:

 Your Spells              Type           Power      Damage    Failure   Level
a - Passwall              Tmut/Erth      0%         N/A       86%         2
b - Swiftness             Air            0%         N/A       97%         3

Your spell library contained the following spells:

 Spells                   Type           Power      Damage    Failure   Level
 Slow                     Hex            0%         N/A       73%         1
 Sting                    Tmut/Pois      0%         1d3       73%         1
 Blink                    Tloc           0%         N/A       86%         2
 Cigotuvi's Dreadful Rot  Necr/Pois/Air  0%         N/A       86%         2
 Ensorcelled Hibernation  Hex/Ice        0%         N/A       86%         2
 Lesser Beckoning         Tloc           0%         N/A       86%         2
 Momentum Strike          Conj/Tloc      0%         3d8       86%         2
 Poisonous Vapours        Pois/Air       0%         N/A       86%         2
 Confusing Touch          Hex            0%         N/A       97%         3
 Frozen Ramparts          Ice            0%         1d1       97%         3
 Gell's Gravitas          Tloc           0%         N/A       97%         3
 Hailstorm                Conj/Ice       0%         3d3       97%         3
 Ignite Poison            Fire/Tmut/Pois 0%         N/A       97%         3
 Mephitic Cloud           Conj/Pois/Air  0%         N/A       97%         3
 Ozocubu's Armour         Ice            0%         N/A       97%         3
 Teleport Other           Tloc           0%         N/A       97%         3
 Vampiric Draining        Necr           0%         2d6       97%         3
 Olgreb's Toxic Radiance  Pois           0%         N/A       100%        4
 Petrify                  Tmut/Erth      0%         N/A       100%        4
 Sticky Flame             Conj/Fire      0%         2d3       100%        4
 Summon Ice Beast         Ice/Summ       0%         N/A       100%        4
 Agony                    Necr           0%         N/A       100%        5
 Arcjolt                  Conj/Air       0%         1d10      100%        5
 Freezing Cloud           Conj/Ice/Air   0%         6-21      100%        5
 Metabolic Englaciation   Hex/Ice        0%         N/A       100%        5
 Dispersal                Tloc           0%         N/A       100%        6
 Simulacrum               Ice/Necr       0%         N/A       100%        6
 Ignition                 Fire           0%         3d3       100%        8


Dungeon Overview and Level Annotations

Branches:
Dungeon (15/15)            Temple (0/1) D:7            Lair (5/5) D:8
  Swamp (4/4) Lair:3       Spider (4/4) Lair:3        Slime (0/5) Lair:4
    Orc (2/2) D:10            Elf (0/3) Orc:2        Vaults (5/5) D:13
  Crypt (0/3) Vaults:3     Depths (3/4) D:15          Sewer (visited)
Ossuary (visited)

Altars:
Ashenzari
Cheibriados
Elyvilon
Fedhas
Gozag
Hepliaklqana
Nemelex Xobeh
Okawaru
Ru
Uskayaw
Vehumet
Wu Jian
Xom
Zin
The Shining One
Jiyva
Lugonu

Shops:
D:9 *   D:12 [   Orc:2 (*[:[   Vaults:2 =   Vaults:4 (

Portals:
Hell: Depths:1 Depths:2
Abyss: Lair:5* Depths:1
Pandemonium: Depths:2
Trove: Depths:2 (give horn of Geryon)

Annotations:
D:3 1 runed translucent door, superpeng's ghost, weakling DrFE
Lair:5 2 transporters, freelancePsychic's ghost, journeyman DECA
Spider:3 exclusion: downstairs
Orc:1 exclusion: downstairs
Vaults:1 1 runed translucent door, Konionua's ghost, adept KoEn
Vaults:2 exclusion: downstairs


Innate Abilities, Weirdness & Mutations

You are a creature with a mouth for a stomach.
Your midsection houses a second, enormous mouth.
Your life essence is reduced to manifest your ancestor. (-10% HP)
You can breathe bolts of dispelling energy.
Your rich purple scales are hard. (AC +11)
You cannot fit into any form of body armour.
You are cold-blooded and may be slowed by cold attacks.
You are frail. (-10% HP)


Message History

The yaktaur captain wields a +0 arbalest.
The yaktaur captain shoots a bolt.
You block the bolt with an invisible shield... and reflect it back!
The bolt hits the yaktaur captain!!!
Okay, then.
Aiming: Corrosive Bolt
Press: ? - help, Shift-Dir - straight line, f - war gargoyle
Aim: a war gargoyle, wielding a +2 heavy great mace (95% to hit)
The bolt of acid hits the storm dragon!
The storm dragon is lightly wounded.
The bolt of acid hits the war gargoyle!!
The acid corrodes the war gargoyle!
The war gargoyle is heavily damaged.
The ironbound convoker shouts!
You block the storm dragon's attack. The storm dragon closely misses you.
The storm dragon tramples you!
You hold your ground!
The deep elf death mage casts a spell at you.
The bolt of negative energy misses you.
The yaktaur captain shoots a bolt.
You block the bolt with an invisible shield... and reflect it back!
The bolt hits the yaktaur captain!!
You hear a shout!
You hear a horrible gurgling sound!
You hear a shout!
Unknown command.
You pummel the storm dragon!!
Your tail-slap misses the storm dragon.
Your bite misses the storm dragon.
The storm dragon is moderately wounded.
The storm dragon breathes lightning at you.
The bolt of lightning hits you!!!
* * * LOW HITPOINT WARNING * * *
The deep elf death mage beckons forth a restless soul!
You hear a deafening roar!
You hear a shout!
You hear two shouts!
You hear a shout! x3; You hear a deafening roar!
You hear a shout! x2
Blink to where?
Press: ? - help, Dir - move target, p - war gargoyle A tengu reaver comes into view.
It is wielding a +0 dire flail.
Found 22 gold pieces and a scroll of identify.
As you read the scroll of blinking, it crumbles to dust.
The stone giant shouts!
The tengu reaver shouts!
The tengu reaver casts a spell at you. The bolt of negative energy hits you!!!
You feel drained.
You die...

.# ..#....# ..#....#
#..#....# ##9..#..Q.#
##.D..#....#
#.ยง#..#....# #..
.c*........#....#.....
..e...........W$......
##########.....C..####
....p..........
.?.............
###############


You could see a stone giant, a tengu reaver and an ironbound convoker.

Vanquished Creatures
  The ghost of bakla the Brawler, an adept TrSh of Wu Jian (Depths:1)
  Arachne (Spider:2)
  A titan (Vaults:5)
  Asterion (Vaults:3)
  A sphinx (Vaults:2)
  Kirke (D:14)
  A shadow dragon (Vaults:5)
  A fenstrider witch (Swamp:2)
  Donald (Spider:4)
  A balrug (Depths:2)
  2 ghost moths (Spider:4)
  A deep elf sorcerer (Vaults:5)
  5 emperor scorpions (Spider:4)
  3 vault wardens
  3 frost giants
  2 orc warlords
  6 ironbound thunderhulks
  A war gargoyle (Vaults:2)
  10 ironbound preservers
  2 broodmothers
  13 very ugly things
  5 stone giants
  A formless jellyfish (Vaults:4)
  A vampire knight (Vaults:3)
  Nessos (Lair:4)
  3 bunyips (Swamp:3)
  3 eleionomae
  2 spark wasps
  6 dire elephants
  A dire elephant (shapeshifter) (Vaults:5)
  3 ettins
  A deep elf death mage (Vaults:3)
  A blizzard demon (Depths:1)
  Josephine (D:13)
  2 shambling mangroves
  2 entropy weavers
  A fire dragon (Depths:3)
  A rakshasa (Depths:1)
  4 great orbs of eyes
  6 yaktaur captains
  18 hydras
  14 vault guards
  A ghost crab (Swamp:2)
  5 ice dragons
  3 spriggan air magi
  An ogre mage (Vaults:5)
  A peacekeeper (Vaults:2)
  7 ironbound frosthearts
  3 jorogumos
  6 alligators
  A centaur warrior (D:13)
  A radroach (Spider:2)
  2 deep troll shamans (Depths:2)
  3 boulder beetles
  8 death yaks
  3 two-headed ogres
  7 demonic crawlers
  An orc high priest (Orc:2)
  A tengu warrior (D:15)
  Urug (Lair:4)
  2 thrashing horrors (Lair:5)
  A spriggan berserker (Depths:1)
  A sun demon (Depths:2)
  A hell knight (D:15)
  4 iron trolls (Depths:2)
  A sun moth (Spider:2)
  2 flayed ghosts
  3 goliath frogs
  6 pharaoh ants
  39 deep trolls
  A spriggan druid (Swamp:1)
  7 swamp dragons
  4 orb spiders
  2 necromancers
  8 wizards
  6 steelbarb worms
  A shadow dragon zombie (Depths:2)
  A phantasmal warrior (Vaults:5)
  2 bog bodies (Swamp:4)
  Pikel (D:4)
  9 orc knights
  15 ironbound convokers
  8 lindwurms
  3 harpies (Vaults:1)
  3 orc sorcerers (Orc:2)
  3 will-o-the-wisps
  20 wolf spiders
  A faun (shapeshifter) (Lair:5)
  4 cyclopes
  2 manticores (D:13)
  18 ugly things
  Maurice (Orc:1)
  2 moths of wrath (Spider:2)
  A black mamba (Lair:4)
  23 vault sentinels
  10 elephants
  4 smoke demons
  2 torpor snails (Spider:4)
  A gargoyle (D:14)
  3 large abominations (Lair:5)
  A storm dragon simulacrum (Depths:1)
  4 kobold demonologists
  An efreet (D:8)
  5 cane toads
  5 komodo dragons
  3 rime drakes
  19 yaktaurs
  A freezing wraith (D:15)
  A golden dragon simulacrum (Depths:1)
  5 trolls
  4 polar bears
  2 bloated husks
  2 ice devils (Depths:1)
  3 meliai
  25 tarantellas
  A troll (shapeshifter) (D:12)
  2 human skeletons
  7 hornets
  15 blink frogs (Lair:5)
  3 tyrant leeches
  2 raiju (Lair:5)
  3 dream sheep (Lair:4)
  A human simulacrum (Vaults:3)
  19 slime creatures
  3 frost giant simulacra (Depths:1)
  17 culicivoras
  A shadow (D:11)
  15 jumping spiders
  8 wraiths
  3 wyverns
  2 ynoxinuls (Lair:5)
  A vampire (D:11)
  3 spriggans
  3 basilisks (Lair:5)
  41 yaks
  13 vampire mosquitoes
  2 chaos spawn
  A spriggan simulacrum (Depths:1)
  2 steam dragons (D:9)
  A yaktaur simulacrum (Vaults:1)
  37 redbacks
  13 swamp worms
  A glowing shapeshifter zombie (Vaults:3)
  2 acid dragons
  12 water moccasins
  A glowing shapeshifter skeleton (Vaults:3)
  6 wargs
  8 small abominations (Lair:5)
  An ice beast (D:8)
  22 orc warriors
  3 swamp drakes
  A sky beast (shapeshifter) (Vaults:3)
  2 black bears
  2 ogres
  2 human zombies (Vaults:1)
  8 wolves
  2 centaurs
  A phantom (D:5)
  7 bullfrogs
  2 kobold brigands
  2 gnoll sergeants
  A scorpion (D:5)
  A wyvern zombie (Ossuary)
  A water moccasin zombie (Ossuary)
  14 wights
  10 killer bees
  4 howler monkeys
  A vampire bat (D:5)
  7 electric eels
  2 bullfrog zombies (Ossuary)
  3 centaur zombies (Ossuary)
  A gnoll bouda (Orc:1)
  2 hounds
  Crazy Yiuf (D:7)
  13 orc priests
  2 jellies
  16 orc wizards
  A killer bee zombie (Ossuary)
  5 mummies (Ossuary)
  A howler monkey zombie (Ossuary)
  10 adders
  11 gnolls
  3 river rats
  3 shadow imps (D:5)
  A white imp (D:5)
  A worm (D:3)
  4 dart slugs
  2 fire bats (D:5)
  32 orcs
  A spectral bat (D:5)
  A bat skeleton (D:5)
  A bat zombie (D:5)
  4 endoplasms (D:1)
  6 giant cockroaches
  4 goblins
  3 hobgoblins
  2 jackals (Sewer)
  2 quokkas (D:1)
  6 ball pythons
  8 bats
  A bat simulacrum (D:5)
  3 frilled lizards
  2 hobgoblin zombies (D:5)
  13 kobolds
  An orc skeleton (D:5)
  An orc zombie (D:5)
  3 rats
1016 creatures vanquished.

Vanquished Creatures (collateral kills)
  Agnes (Spider:2)
  2 sphinxes (Vaults:3)
  A shadow dragon (Vaults:5)
  A fire giant (Depths:1)
  A fenstrider witch (Swamp:2)
  2 emperor scorpions
  A ghost moth (Spider:4)
  5 vault wardens
  Louise (Swamp:2)
  A cacodemon (Depths:2)
  3 ironbound preservers
  An orc warlord (Vaults:2)
  A reaper (Depths:2)
  3 ironbound thunderhulks
  2 ghouls
  6 very ugly things
  A formless jellyfish (Vaults:1)
  A stone giant (Depths:1)
  2 bunyips (Swamp:3)
  2 eleionomae
  8 dire elephants
  Snorg (D:11)
  2 entropy weavers (Spider:2)
  A yaktaur captain (Vaults:2)
  A vault guard (D:13)
  A peacekeeper (Vaults:2)
  An ice dragon (Depths:2)
  A two-headed ogre (D:9)
  4 centaur warriors
  2 radroaches
  2 spriggan air magi
  2 ironbound frosthearts
  4 alligators (Swamp:4)
  A catoblepas (D:14)
  A death knight (D:15)
  4 hydras
  A vampire mage (Vaults:3)
  A jorogumo (Spider:4)
  4 boulder beetles
  3 death yaks (Lair:4)
  2 demonic crawlers
  A tengu warrior (Depths:2)
  2 deep troll earth magi
  An orc high priest (Orc:2)
  A thrashing horror (Lair:5)
  2 iron trolls (Depths:2)
  2 pharaoh ants
  A fire crab (shapeshifter) (Vaults:5)
  4 goliath frogs
  A skyshark (Lair:5)
  12 deep trolls
  6 swamp dragons (Swamp:4)
  4 orb spiders
  4 spriggan druids
  3 lindwurms
  2 wizards
  An ironbound convoker (Vaults:1)
  A deep elf pyromancer (D:14)
  A frost giant zombie (Depths:2)
  4 steelbarb worms
  A necromancer (Depths:2)
  3 orc knights
  An oklob plant (Lair:2)
  A cyclops (D:15)
  An orc sorcerer (Orc:2)
  A fire giant zombie (Depths:2)
  4 wolf spiders
  6 ugly things
  2 will-o-the-wisps
  A manticore (D:14)
  2 elephants
  2 moths of wrath
  6 vault sentinels
  A rust devil (Depths:2)
  A torpor snail (Spider:1)
  2 unseen horrors
  A kobold demonologist (D:12)
  6 yaktaurs
  An efreet (D:15)
  2 rime drakes (Swamp:4)
  A komodo dragon (Lair:5)
  A freezing wraith (D:15)
  A polar bear (Lair:3)
  4 trolls
  A meliai (Spider:2)
  2 tyrant leeches
  7 hornets
  7 blink frogs (Lair:5)
  11 tarantellas
  4 dream sheep (Lair:4)
  12 slime creatures
  9 jumping spiders
  3 spriggans
  4 culicivoras
  An elf zombie (Vaults:3)
  A wyvern (D:10)
  4 wraiths
  2 basilisks (Lair:5)
  18 yaks
  2 hogs (D:14)
  14 redbacks
  A steam dragon (D:7)
  8 vampire mosquitoes
  A warg (Orc:2)
  5 swamp worms
  3 acid dragons
  A water moccasin (Lair:1)
  10 orc warriors
  A black bear (D:8)
  3 swamp drakes
  2 ogres
  3 wolves
  A centaur (D:10)
  3 kobold brigands
  A lemure (D:4)
  4 bullfrogs
  Blork the orc (Orc:2)
  A scorpion (D:6)
  A necrophage (Swamp:4)
  2 wyvern zombies (Ossuary)
  2 wights
  3 small abominations (Lair:5)
  3 killer bees
  2 centaur zombies (Ossuary)
  A bullfrog zombie (Ossuary)
  3 hounds
  2 jellies
  4 orc priests
  3 sleepcaps
  9 mummies (Ossuary)
  Terence (D:3)
  12 orc wizards
  A howler monkey zombie (Ossuary)
  2 adders
  3 gnolls
  3 river rats (Sewer)
  4 bats (D:5)
  A worm zombie (D:4)
  A fire bat (D:5)
  22 orcs
  A spectral bat (D:5)
  2 ball pythons
  2 bat skeletons (D:5)
  An endoplasm (D:4)
  3 giant cockroaches (D:4)
  4 hobgoblins (D:4)
  A jackal (Sewer)
  3 kobolds
  A quokka (D:3)
  4 frilled lizards
  A hobgoblin zombie (D:5)
  An orc zombie (D:5)
  7 rats
457 creatures vanquished.

Vanquished Creatures (others)
  A boulder beetle (Spider:4)
  A wizard (Vaults:1)
  2 bloated husks
  A hornet (Swamp:2)
  2 swamp worms
  A swamp drake (Swamp:4)
  52 battlemagi
  24 foxfires
84 creatures vanquished.

Grand Total: 1557 creatures vanquished

Notes
Turn   | Place    | Note
-------+----------+-------------------------------------------
     0 | D:1      | Monkooky the Draconian Shapeshifter began the quest for the
                  | Orb.
     0 | D:1      | Reached XP level 1. HP: 16/16 MP: 1/1
   134 | D:1      | Reached XP level 2. HP: 25/25 MP: 2/2
   541 | D:1      | Reached XP level 3. HP: 31/31 MP: 3/3
   977 | D:2      | Found a faded altar of an unknown god.
   988 | D:2      | Prayed at the altar of an unknown god.
   988 | D:2      | Became a worshipper of Hepliaklqana the Forgotten
   988 | D:2      | Reached * piety under Hepliaklqana
  1059 | D:2      | Found a hide-covered altar of Uskayaw.
  1084 | D:2      | Identified the +8 short sword of Okawaru's Condemnation
                  | {freeze, rF+ Str+5}
  1413 | D:3      | Reached XP level 4. HP: 30/36 MP: 4/4
  1495 | D:3      | Reached ** piety under Hepliaklqana
  1496 | D:3      | Remembered your ancestor Nenetl as a battlemage
  1535 | D:3      | Found an iron altar of Okawaru.
  1684 | D:3      | Found a runed translucent door.
  1684 | D:3      | Noticed superpeng's ghost (weakling DrFE)
  1849 | D:3      | Noticed Terence
  1854 | D:3      | Killed Terence
  2140 | D:4      | Reached XP level 5. HP: 42/42 MP: 2/5
  2145 | D:4      | Noticed an ogre
  2152 | D:4      | Killed an ogre
  2186 | D:4      | Found a shimmering altar of Xom.
  2194 | D:4      | Found a sand-covered staircase.
  2197 | D:4      | Reached XP level 6. HP: 40/47 MP: 6/6
  2209 | Ossuary  | Entered an ossuary
  2229 | Ossuary  | Reached skill level 5 in Shapeshifting
  2305 | Ossuary  | Your scales start taking on a rich purple colour.
  2305 | Ossuary  | Reached XP level 7. HP: 39/54 MP: 7/7
  2443 | Ossuary  | Reached XP level 8. HP: 41/60 MP: 8/8
  2555 | D:4      | Noticed Pikel
  2563 | D:4      | Killed Pikel
  2669 | D:4      | Found a glowing drain.
  2681 | Sewer    | Entered a sewer
  2696 | Sewer    | Reached skill level 5 in Fighting
  3706 | D:5      | Entered Level 5 of the Dungeon
  3730 | D:5      | Reached XP level 9. HP: 66/67 MP: 9/9
  3888 | D:5      | Reached *** piety under Hepliaklqana
  3898 | D:5      | Found a glowing silver altar of Zin.
  3916 | D:5      | Reached skill level 1 in Invocations
  4111 | D:5      | Found a glowing golden altar of the Shining One.
  4680 | D:6      | Reached skill level 1 in Evocations
  5070 | D:6      | Reached **** piety under Hepliaklqana
  5193 | D:6      | Reached skill level 4 in Unarmed Combat
  5553 | D:6      | Found an opulent altar of Gozag.
  5708 | D:7      | Reached skill level 5 in Unarmed Combat
  5734 | D:7      | Found a snail-covered altar of Cheibriados.
  5928 | D:7      | Found a staircase to the Ecumenical Temple.
  5936 | D:7      | Found a blossoming altar of Fedhas.
  5951 | D:7      | Found a radiant altar of Vehumet.
  5998 | D:7      | Reached skill level 6 in Unarmed Combat
  6081 | D:7      | Found a runed translucent door.
  6082 | D:7      | Noticed Crazy Yiuf
  6306 | D:7      | Killed Crazy Yiuf
  6394 | D:8      | Reached skill level 7 in Unarmed Combat
  6408 | D:8      | Reached XP level 10. HP: 30/75 MP: 13/13
  6582 | D:8      | Reached skill level 8 in Unarmed Combat
  6910 | D:8      | Found a staircase to the Lair.
  7114 | D:8      | Reached skill level 9 in Unarmed Combat
  7247 | D:8      | Reached skill level 10 in Unarmed Combat
  7519 | D:8      | HP: 6/134 [efreet/+2 scimitar of flaming (9)]
  7938 | D:8      | Reached skill level 11 in Unarmed Combat
  8215 | D:9      | Found an ornate altar of the Wu Jian Council.
  8323 | D:9      | Noticed a two-headed ogre
  8331 | D:9      | Reached XP level 11. HP: 82/82 MP: 14/14
  8340 | D:9      | Noticed a soul eater
  8527 | D:9      | Killed a two-headed ogre
  8603 | D:9      | Found a sparkling altar of Nemelex Xobeh.
  8622 | D:9      | Found Zesisoem's Assorted Antiques.
  8630 | D:9      | Bought a scroll labelled UFROH ZUIPAIT for 18 gold pieces
  8630 | D:9      | Bought a scroll labelled NUYTEP FAHEDUIK for 18 gold pieces
  8630 | D:9      | Bought a scroll labelled SUSCHEGI ZOARR for 18 gold pieces
  8670 | D:9      | Reached ***** piety under Hepliaklqana
  8671 | D:9      | Noticed a two-headed ogre
  8674 | D:9      | Killed a two-headed ogre
  8851 | D:9      | Found a white marble altar of Elyvilon.
  8949 | D:10     | Entered Level 10 of the Dungeon
  9129 | D:10     | Found a transporter.
  9354 | D:10     | Found a sacrificial altar of Ru.
  9405 | D:10     | Found a staircase to the Orcish Mines.
  9473 | D:10     | Found a transporter.
  9564 | D:11     | Noticed Snorg
  9572 | D:11     | Killed Snorg
  9664 | D:11     | Reached skill level 5 in Dodging
  9966 | D:11     | Noticed a two-headed ogre
  9972 | D:11     | Killed a two-headed ogre
 10769 | Lair:1   | Entered Level 1 of the Lair of Beasts
 10916 | Lair:1   | Reached skill level 5 in Evocations
 11407 | Lair:1   | Reached XP level 12. HP: 94/94 MP: 15/15
 11712 | Lair:1   | Identified the +0 leather armour "Fihisihu" {rElec rCorr}
 12042 | Lair:2   | Found a glowing silver altar of Zin.
 13409 | Lair:3   | Reached skill level 10 in Evocations
 13540 | Lair:3   | Found a hole to the Spider Nest.
 13686 | Lair:3   | You fall into a shaft and drop 2 floors!
 13686 | Lair:5   | Entered Level 5 of the Lair of Beasts
 13686 | Lair:5   | Noticed a seven-headed hydra
 13686 | Lair:5   | Noticed a four-headed hydra
 13697 | Lair:5   | Found a corrupted altar of Lugonu.
 13697 | Lair:5   | Found a one-way gate to the infinite horrors of the Abyss.
 13936 | Lair:4   | Reached ****** piety under Hepliaklqana
 13941 | Lair:4   | Noticed a death yak
 13941 | Lair:4   | Noticed a death yak
 13941 | Lair:4   | Noticed a death yak
 13967 | Lair:3   | Killed a death yak
 14466 | Lair:3   | Found a staircase to the Swamp.
 14467 | Lair:3   | Noticed an eight-headed hydra
 14469 | Lair:3   | Noticed an eight-headed hydra
 14469 | Lair:3   | Killed an eight-headed hydra
 14471 | Lair:3   | Killed an eight-headed hydra
 14472 | Lair:3   | Reached skill level 12 in Unarmed Combat
 14677 | Lair:4   | Killed a death yak
 14682 | Lair:4   | Killed a death yak
 14753 | Lair:4   | Noticed a death yak
 14765 | Lair:4   | Killed a death yak
 14772 | Lair:4   | Reached XP level 13. HP: 99/99 MP: 16/16
 14925 | Lair:4   | Noticed Urug
 14933 | Lair:4   | Killed Urug
 14937 | Lair:4   | Reached skill level 13 in Unarmed Combat
 15424 | Lair:4   | Noticed Nessos
 15435 | Lair:4   | Killed Nessos
 15484 | Lair:4   | Reached skill level 14 in Unarmed Combat
 15815 | Lair:4   | Found a viscous altar of Jiyva.
 15815 | Lair:4   | Found a staircase to the Slime Pits.
 15936 | Lair:4   | Reached skill level 15 in Unarmed Combat
 16509 | Lair:5   | Reached skill level 10 in Fighting
 16623 | Lair:5   | Reached skill level 10 in Shapeshifting
 16848 | Lair:5   | Found a transporter.
 16850 | Lair:5   | Noticed freelancePsychic's ghost (journeyman DECA)
 16864 | Lair:5   | Noticed a cacodemon
 16909 | Lair:5   | Reached XP level 14. HP: 109/109 MP: 15/17
 16947 | Lair:5   | Found a transporter.
 18065 | Orc:1    | Entered Level 1 of the Orcish Mines
 18300 | Orc:1    | Noticed Maurice
 18311 | Orc:1    | Killed Maurice
 18887 | Orc:2    | Entered Level 2 of the Orcish Mines
 19554 | Orc:2    | Gained mutation: You are frail. (-10% HP) [a neqoxec]
 19562 | Orc:2    | Noticed Blork the orc
 19562 | Orc:2    | Noticed an orc warlord
 19742 | Orc:2    | Paralysed by an orc sorcerer for 2 turns
 19748 | Orc:2    | Found Avankuwa's Antique Armour Emporium.
 19752 | Orc:2    | Killed Blork the orc
 19760 | Orc:2    | Found Zavvizuum's General Store.
 19768 | Orc:2    | Killed an orc warlord
 19769 | Orc:2    | Reached skill level 5 in Invocations
 19881 | Orc:2    | Found Xouwk's Antique Armour Boutique.
 19988 | Orc:2    | Found a staircase to the Elven Halls.
 20099 | Orc:2    | Found Cuisuhie's Antique Weapon Emporium.
 20115 | Orc:2    | Found Vimet's Book Emporium.
 20261 | Orc:2    | Bought a wand of charming (5) for 168 gold pieces
 20564 | D:12     | Found Syopp's Antique Armour Shop.
 21545 | D:12     | Bought a pair of glowing gloves for 225 gold pieces
 21628 | D:13     | Found a gate to the Vaults.
 21904 | D:13     | Identified the +5 halberd "Coezay" {venom, Drain rPois
                  | rCorr Str+3}
 22045 | D:13     | Reached skill level 1 in Shields
 22045 | D:13     | Reached XP level 15. HP: 63/107 MP: 13/21
 22209 | D:13     | Noticed Josephine
 22224 | D:13     | Killed Josephine
 23182 | D:14     | Reached skill level 5 in Shields
 23230 | D:14     | Noticed Kirke
 23251 | D:14     | Killed Kirke
 23381 | D:14     | Found a hide-covered altar of Uskayaw.
 23603 | D:15     | Entered Level 15 of the Dungeon
 23674 | D:15     | Found a runed translucent door.
 23960 | D:15     | Found a staircase to the Depths.
 24118 | D:15     | Learned a level 2 spell: Passwall
 24122 | D:15     | Learned a level 3 spell: Swiftness
 25095 | Spider:1 | Entered Level 1 of the Spider Nest
 25479 | Spider:1 | Reached skill level 10 in Shields
 26091 | Spider:2 | Noticed Agnes
 26100 | Spider:2 | Killed Agnes
 26291 | Spider:2 | Noticed an emperor scorpion
 26305 | Spider:2 | Killed an emperor scorpion
 26337 | Spider:2 | Reached XP level 16. HP: 94/112 MP: 17/22
 26531 | Spider:2 | Noticed Arachne
 26547 | Spider:2 | Killed Arachne
 27250 | Spider:2 | Identified the +9 long sword "Gas Zam" {drain, *Rage rN+++
                  | Str+4 Dex+4}
 27885 | Spider:3 | Reached skill level 1 in Spellcasting
 28228 | Spider:3 | Reached skill level 10 in Dodging
 28841 | Spider:4 | Entered Level 4 of the Spider Nest
 28959 | Spider:4 | Noticed Donald
 28975 | Spider:4 | Killed Donald
 28992 | Spider:4 | HP: 5/116 [boulder beetle[a torpor snail] (6)]
 29006 | Spider:4 | HP: 4/116 [demonic crawler (3)]
 29817 | Spider:4 | Reached XP level 17. HP: 121/121 MP: 19/23
 30643 | Spider:4 | Got a gossamer rune of Zot
 30802 | Swamp:1  | Entered Level 1 of the Swamp
 31121 | Swamp:1  | Reached skill level 15 in Fighting
 31888 | Swamp:2  | Noticed Louise
 32135 | Swamp:2  | Killed Louise
 32492 | Swamp:2  | Identified the +9 sling "Vytrevus" {speed, *Slow rF+++ rN++
                  | Int-4}
 33921 | Swamp:4  | Entered Level 4 of the Swamp
 33932 | Swamp:4  | Reached skill level 16 in Unarmed Combat
 34140 | Swamp:4  | Reached XP level 18. HP: 91/130 MP: 15/24
 34450 | Swamp:4  | Reached skill level 17 in Unarmed Combat
 35278 | Swamp:4  | Got a decaying rune of Zot
 35604 | Vaults:1 | Entered Level 1 of the Vaults
 35849 | Vaults:1 | Reached skill level 18 in Unarmed Combat
 36436 | Vaults:1 | Reached skill level 19 in Unarmed Combat
 36516 | Vaults:1 | Found a runed translucent door.
 36516 | Vaults:1 | Noticed Konionua's ghost (adept KoEn)
 37645 | Vaults:2 | Found Icraytenn's Jewellery Shoppe.
 37764 | Vaults:2 | Paralysed by a sphinx for 4 turns
 37777 | Vaults:2 | Reached XP level 19. HP: 106/137 MP: 25/25
 39310 | Vaults:3 | Identified the +7 arbalest "Demonbane" {penet, rPois}
 39438 | Vaults:3 | Noticed Asterion
 39451 | Vaults:3 | Killed Asterion
 40222 | Vaults:3 | Found a staircase to the Crypt.
 40410 | Vaults:3 | Got the Codex of Feathery Profane Rites
 41159 | Depths:1 | Entered Level 1 of the Depths
 41172 | Depths:1 | Reached XP level 20. HP: 151/151 MP: 26/26
 41261 | Depths:1 | Found a runed translucent gate.
 41267 | Depths:1 | Found a runed translucent gate.
 41267 | Depths:1 | Found a runed translucent gate.
 41319 | Depths:1 | Noticed bakla's ghost (adept TrSh)
 41372 | Depths:1 | Found an opulent altar of Gozag.
 41570 | Depths:1 | Found a gateway to Hell.
 42060 | Depths:1 | Identified the ring "Nuifir" {rPois Str+3 Int+2}
 42092 | Depths:1 | Killed bakla's ghost
 42165 | Depths:1 | Got the ring of Gluttony {Fire Int-4 Dex+6 Slay+4}
 42213 | Depths:2 | Found a broken altar of Ashenzari.
 43052 | Depths:2 | Found a portal to a secret trove of treasure.
 43691 | Depths:2 | Found a one-way gate leading to the halls of Pandemonium.
 44214 | Vaults:4 | Found Wethrutyrph's Antique Weapon Emporium.
 45529 | Vaults:5 | Entered Level 5 of the Vaults
 45569 | Vaults:5 | Reached XP level 21. HP: 73/156 MP: 22/27
 45573 | Vaults:5 | Identified the +9 plate armour "Xuidghiuc" {+Inv rF+ Dex+3}
 45600 | Vaults:5 | Killed from afar by a tengu reaver

Illustrated notes

Levels and vault maps discovered:
D:1:      evilmike_arrival_fibonacci_small, layout_basic
D:2:      layout_rooms, basic_ecumenical_altar, basic_altar
D:3:      layout_loops_cross, okawaru_trees_2, gammafunk_ghost_grave,
          nicolae_twisty_statue_hallways, uniq_terence
D:4:      layout_cave_pools, mainiacjoe_overflow_surrounded_room,
          portal_sewer_entry_b, enter_ossuary_3, kennysheep_generic_room_6,
          uniq_pikel
D:5:      layout_gridville, nicolae_tso_besieged_by_evil,
          mainiacjoe_overflow_cross_hatched, goddamned_bats
D:6:      layout_basic, lemuel_round_altar, minmay_misc_feat_more_columns,
          minmay_misc_feat_diagonals
D:7:      layout_cave_pools, nicolae_vehumet_altar_sigil,
          mainiacjoe_overflow_24_doors, kennysheep_mini_moat,
          minmay_temple_entry_mist, uniq_crazy_yiuf_cottage
D:8:      cheibrodos_two_vegetables, layout_basic, due_lair_maze_entry_diamond,
          serial_glass, glass_columns_a, glass_columns_b, glass_columns_a,
          glass_columns_a, minmay_strange_pillars, item_on_display_a,
          item_on_display_a
D:9:      layout_cave_pools, nicolae_overflow_crystal_walls, lemuel_round_altar,
          mainiacjoe_overflow_tiny_flanked, serial_shops, nicolae_shop_crystal
D:10:     gammafunk_cloud_chamber, layout_rooms,
          nicolae_ru_the_path_less_chosen, orc_0_dummy
D:11:     layout_small_grid, serial_co_window_serial,
          co_window_of_opportunity_a, co_window_paths_b, co_window_cross_1,
          co_window_paths_a, co_window_paths_a, co_window_paths_a,
          co_window_broadway_c, co_window_of_opportunity_b, co_window_corner_b,
          co_window_broadway_a, co_window_broadway_c, co_window_2corner,
          co_window_4corner_a, glass_columns_c, glass_columns_b, uniq_snorg
D:12:     layout_irregular_city, serial_shops, nicolae_shop_hallway_plus
D:13:     layout_long_grid, erik_vaults_2, uniq_josephine
D:14:     layout_cross, nicolae_uskayaw_murder_on_the_dancefloor, uniq_kirke
D:15:     grunt_enter_depths_hoard, layout_long_grid, hangedman_decor_opposing,
          kennysheep_treasure_room
Lair:1:   layout_small_grid
Lair:2:   layout_layer_cave, lemuel_oklob_altar
Lair:3:   layout_gridlike, palyth_hydra_swamp_entry,
          hellmonk_spider_entry_not_the_bees, lemuel_fruit_tree
Lair:4:   beast_lair_carwin_large_3, layout_big_grid, dpeg_slime_entry_corner,
          serial_bayou_shore_a, uniq_nessos, uniq_urug
Lair:5:   hellmonk_lair_end_abyssal_woods, layout_hall_layers,
          gammafunk_ghost_abyssal_escape, serial_rivers,
          chequers_serial_rivers_room_a, chequers_serial_rivers_micro_e,
          chequers_serial_rivers_small_a, chequers_serial_rivers_small_3,
          chequers_serial_rivers_micro_a, chequers_serial_rivers_large_a
Swamp:1:  layout_falls_marsh, evilmike_swamp_ruin_house_4
Swamp:2:  layout_basic_swamp, hangedman_swamp_lotus, swamp_pool2, uniq_louise
Swamp:3:  layout_falls_marsh, evilmike_swamp_ruin_rubble_2, swamp_pool5
Swamp:4:  swamp_alternative, layout_basic_swamp, swamp_pool1,
          nicolae_swamp_little_tower
Spider:1: layout_spider_delve
Spider:2: layout_chambers, hangedman_spider_trapstep, uniq_arachne, uniq_agnes
Spider:3: layout_spider_delve
Spider:4: grunt_spider_rune_circles, uniq_donald
Orc:1:    layout_diamond_mine, basic_altar, uniq_maurice
Orc:2:    grunt_orc_cross, layout_caves, serial_shops, shop
Vaults:1: ebering_ghost_reflecting_pool, hangedman_vaults_slice,
          nicolae_vaults_tetromino_L_1, hangedman_vaults_locks,
          ontoclasm_vaults_fault, v_misc_24, nicolae_vaults_what_the_h,
          ontoclasm_vaults_eye, v_misc_18, nicolae_vaults_house_1,
          ontoclasm_vaults_decontamination, nicolae_vaults_trapezoid_4,
          nicolae_vaults_storage_closets_3, layout_vaults_omnicross
Vaults:2: hangedman_vaults_variations, hangedman_vaults_hat,
          vaults_mumra_minichess, v_misc_17, nicolae_vaults_double_plus_1,
          nicolae_vaults_tetromino_L_2, v_misc_33, v_misc_13,
          vaults_standard_mumra_x, nicolae_vaults_layer_cake_slice, st_lines,
          ontoclasm_vaults_loading_screen, nicolae_vaults_swerve,
          nicolae_vaults_surprise_closet, nicolae_vaults_asterisk,
          layout_vaults_ring, serial_shops, shop
Vaults:3: v_pattern_3, nicolae_vaults_layer_cake_slice,
          minmay_crypt_entry_simple_statues, nicolae_vaults_weapon_check,
          hangedman_vaults_restitches, nicolae_vaults_closet_pinwheel_2,
          hangedman_vaults_slither, grunt_vaults_twisty, serial_ice_h,
          vaults_mumra_lcd, nicolae_vaults_storage_room_glass,
          nicolae_vaults_tetromino_T_1, layout_vaults_omnibox, uniq_asterion
Vaults:4: vaults_room_boxed, nicolae_vaults_trapezoid_3, v_misc_17,
          nicolae_vaults_oval_intersection, nicolae_vaults_spaceships,
          v_misc_24, v_misc_11, nicolae_vaults_variable_pillar_hall,
          layout_vaults_omnigrid, serial_shops, shop
Vaults:5
Depths:1: layout_gridlike, gammafunk_ghost_icy, marbit_kobold_abyss_entry,
          pf_hell_entry_tar_spiral, grunt_decor_cap, grunt_gozag_breadcrumbs
Depths:2: lemuel_troll_bridge, layout_cave_shapes, pf_dread_powers_of_hell,
          rand_demon_pan_entry_1, ashenzari_altar_1, enter_trove_0,
          kennysheep_generic_room_15, infiniplex_staircase_star
Depths:3: grunt_runaround [grunt_runaround_doors_1, grunt_runaround_doors_2,
          grunt_runaround_doors_3, grunt_runaround_doors_4,
          grunt_runaround_loot], abyss_entry, hell_entry, serial_shops, uniq_vv

Skill      XL: |  1  2  3  4  5  6  7  8  9 10 11 12 13 14 15 16 17 18 19 20 |
---------------+-------------------------------------------------------------+-----
Fighting       | 2 3 4 6 7 9 10 12 14 15 16 18 | 18.8
Shapeshifting  | 4 5 7 9 10 14 | 14.7
Invocations    | 4 9 |  9.2
Evocations     | 3 6 11 13 | 13.0
Unarmed Combat | 7 11 12 15 16 19 | 19.0
Dodging        | 2 5 6 7 9 10 11 14 | 14.7
Shields        | 1 11 13 14 | 14.4
Spellcasting   | 1 |  1.5

Action                     |  1- 3 |  4- 6 |  7- 9 | 10-12 | 13-15 | 16-18 | 19-21 || total
---------------------------+-------+-------+-------+-------+-------+-------+-------++-------
  Melee: Unarmed           |    61 |       |    23 |   348 |   759 |  1065 |   655 ||  2911
         Tailslap          |     9 |     5 |    24 |       |    69 |   239 |   184 ||   530
         Short sword       |    13 |    50 |   170 |       |       |       |       ||   233
         Punch             |     3 |     1 |     3 |       |    17 |       |       ||    24
         Constrict         |       |       |     5 |    83 |   114 |       |       ||   202
         Maw               |       |       |       |       |    46 |   297 |   193 ||   536
  Throw: Dart              |       |     2 |     1 |       |       |       |       ||     3
 Invoke: Recall Ancestor   |       |     2 |     1 |     5 |     3 |     6 |     6 ||    23
         Ancestor Life: Ba |       |     1 |       |       |       |       |       ||     1
         Idealise          |       |       |       |     1 |     3 |     2 |     3 ||     9
         Transference      |       |       |       |       |     1 |       |       ||     1
Ability: Breathe Dispellin |       |       |     8 |       |     4 |    30 |    19 ||    61
  Evoke: Wand              |       |       |     1 |    16 |    21 |    15 |     4 ||    57
         Lightning rod     |       |       |       |     6 |    17 |    12 |    12 ||    47
         Phantom mirror    |       |       |       |     1 |     1 |     3 |     1 ||     6
         Box of beasts     |       |       |       |       |     1 |     3 |     1 ||     5
         Tin of tremorston |       |       |       |       |       |     8 |     5 ||    13
         Phial of floods   |       |       |       |       |       |     3 |     1 ||     4
    Use: Scroll            |       |     5 |    10 |    12 |    15 |     2 |     6 ||    50
         Potion            |       |       |     1 |     5 |     3 |     9 |       ||    18
   Stab: Distracted        |     1 |       |     1 |     7 |    10 |    13 |    17 ||    49
         Sleeping          |       |     1 |       |       |     2 |       |       ||     3
         Confused          |       |       |       |       |       |     1 |       ||     1
 Armour: Skin              |    24 |    10 |    75 |   109 |   252 |   364 |    89 ||   923
  Dodge: Dodged            |    37 |    32 |   140 |   230 |   457 |   535 |   238 ||  1669
  Block: Tower shield      |       |       |       |       |   248 |  1255 |   719 ||  2222
         Kite shield       |       |       |       |       |    29 |       |       ||    29
         Reflection        |       |       |       |       |       |     8 |    52 ||    60
   Form: Anaconda          |       |       |     2 |       |     1 |       |       ||     3
         Beast             |       |       |     1 |       |       |       |       ||     1
                           |       |       |       |       |     2 |       |       ||     2
         Maw               |       |       |       |       |     1 |       |       ||     1

Table legend: (Time is in decaauts)
 A = Elapsed time spent in this place.
 B = Non-inter-level travel time spent in this place.
 C = Inter-level travel time spent in this place.
 D = Time resting spent in this place.
 E = Time spent auto-exploring this place.
 F = Levels seen in this place.
 G = Mean time per level.
                   A        B        C        D        E       F      G
               +--------+--------+--------+--------+--------+-----+--------+
         Total |  45522 |  42666 |   2856 |   5214 |  29778 |  40 | 1138.1 |
       Dungeon |  14984 |  13671 |   1313 |   1038 |  10621 |  15 |  998.9 |
          Lair |   7358 |   6966 |    392 |    550 |   5427 |   5 | 1471.6 |
         Swamp |   4858 |   4692 |    166 |   1369 |   2522 |   4 | 1214.5 |
   Spider Nest |   5622 |   5424 |    198 |    954 |   3286 |   4 | 1405.5 |
  Orcish Mines |   2246 |   2016 |    230 |    440 |   1210 |   2 | 1123.0 |
        Vaults |   6581 |   6162 |    419 |    806 |   3941 |   5 | 1316.2 |
        Depths |   2789 |   2654 |    135 |     26 |   2204 |   3 |  929.7 |
         Sewer |    753 |    753 |      0 |      3 |    563 |   1 |  753.0 |
       Ossuary |    328 |    328 |      0 |     27 |      2 |   1 |  328.0 |
               +--------+--------+--------+--------+--------+-----+--------+

Top non-repeatable levels by time:
Vaults:2: 2140 daAuts
     D:8: 1859 daAuts
Spider:2: 1765 daAuts
  Lair:4: 1758 daAuts
  Lair:5: 1741 daAuts
Vaults:1: 1707 daAuts
Depths:2: 1665 daAuts
Spider:3: 1505 daAuts
  Lair:3: 1501 daAuts
 Swamp:3: 1500 daAuts
    D:12: 1400 daAuts
Spider:4: 1352 daAuts
Vaults:3: 1349 daAuts
    D:15: 1334 daAuts
Vaults:4: 1319 daAuts
